 Dungeon Crawl Stone Soup version 0.30-a0-726-gd89dcf765f (webtiles) character file.

Game seed: 13764276642530348675

119 jimonade the Sneak (level 5, -11/30 HPs)
             Began as a Kobold Brigand on Jan 29, 2023.
             Killed by divine providence
             ... invoked by an orc priest
              (15 damage)
             ... on level 3 of the Dungeon.
             The game lasted 00:02:44 (1865 turns).

jimonade the Sneak (Kobold Brigand)                 Turns: 1865, Time: 00:02:44

Health: -11/30     AC:  3    Str:  8    XL:     5   Next: 23%
Magic:  5/5        EV: 14    Int: 13    God:
Gold:   155        SH:  0    Dex: 18    Spells: 4/4 levels left

rFire   . . .      SeeInvis .    a - +2 dagger
rCold   . . .      Faith    .    (no shield)
rNeg    . . .      Spirit   .    b - +0 robe
rPois   .          Reflect  .    (no helmet)
rElec   .          Harm     .    c - +0 cloak
rCorr   .          Rampage  .    (no gloves)
Will    +....                    (no boots)
Stlth   +++++                    (no amulet)
HPRegen 0.25/turn                g - ring of willpower
MPRegen 0.09/turn                (no ring)

@: no status effects
A: small, no large weapons, nightstalker 3
a: no special abilities


You were on level 3 of the Dungeon.
You visited 1 branch of the dungeon, and saw 3 of its levels.

You collected 155 gold pieces.

Inventory:

Hand Weapons
 a - a +2 dagger (weapon)
 j - a +0 rapier
Missiles
 d - 11 poisoned darts (quivered)
 e - 3 curare-tipped darts
 m - 21 stones
 u - 5 datura-tipped darts
Armour
 b - a +0 robe (worn)
 c - a +0 cloak (worn)
 n - a +0 ring mail
Jewellery
 g - a ring of willpower (left hand)
 t - a ring of wizardry
Scrolls
 h - 2 scrolls of teleportation
 i - 2 scrolls of identify
 k - 3 scrolls of vulnerability
 v - a scroll of immolation {unknown}
 w - a scroll of enchant armour {unknown}
Potions
 f - a potion of heal wounds
 l - a potion of attraction {unknown}
 o - 3 potions of might {unknown}
 p - a potion of resistance {unknown}
 q - a potion of berserk rage {unknown}
 r - a potion of ambrosia {unknown}
 s - a potion of haste {unknown}


   Skills:
 - Level 2.1 Fighting
 * Level 4.5 Short Blades
 - Level 2.1 Throwing
 - Level 1.2 Dodging
 + Level 7.5 Stealth


You had 4 spell levels left.
You didn't know any spells.
Your spell library contained the following spells:

 Spells                   Type           Power      Damage    Failure   Level
 Freeze                   Ice            0%         1d3       30%         1
 Static Discharge         Conj/Air       0%         2-2/arc   43%         2
 Frozen Ramparts          Ice            0%         1d1       67%         3
 Hailstorm                Conj/Ice       0%         3d3       67%         3
 Vhi's Electric Charge    Tloc/Air       0%         N/A       67%         3
 Arcjolt                  Conj/Air       0%         1d10      100%        5
 Lightning Bolt           Conj/Air       0%         1d11      100%        5


Dungeon Overview and Level Annotations

Branches:
Dungeon (3/15)

Altars:


Innate Abilities, Weirdness & Mutations

You are small and have problems with some larger weapons.
You are completely attuned to the shadows.


Message History

You barely miss the orc priest.
The orc priest is lightly wounded.
The orc priest completely misses you.
The orc priest hits you with a +1 short sword of speed.
You hit the orc priest but do no damage.
The orc priest is lightly wounded.
The orc priest hits you with a +1 short sword of speed.
You hit the orc priest but do no damage.
The orc priest is lightly wounded.
You hit the orc.
The orc is lightly wounded.
The orc priest calls upon Beogh to heal the orc.
The orc's wounds heal themselves!
You hit the orc.
The orc is severely wounded.
The orc misses you.
The orc priest invokes the aid of Beogh against you.
Beogh smites you!
* * * LOW HITPOINT WARNING * * *
You hit the orc.
You kill the orc!
An orc comes into view. It is wielding a +0 short sword.
The orc priest hits you with a +1 short sword of speed.
* * * LOW HITPOINT WARNING * * *
The orc priest hits you but does no damage.
The orc closely misses you.
Things that are here:
a +0 short sword; a +0 club You hit the orc priest but do no damage.
The orc priest is lightly wounded.
The orc priest hits you but does no damage.
You hit the orc priest but do no damage.
The orc priest is lightly wounded.
The orc closely misses you. The orc priest barely misses you.
You hit the orc priest but do no damage.
The orc priest is lightly wounded.
The orc priest invokes the aid of Beogh against you.
Beogh smites you!
Ouch! That really hurt!
You die...

######
#oo... #@#
#.# #.# #.#
#.# #.#
####
#.#####....
#.......#
######..###


You could see an orc priest and an orc.

Vanquished Creatures
  A hound (D:3)
  2 adders (D:2)
  3 worms
  3 dart slugs
  2 orcs (D:3)
  2 endoplasms
  5 giant cockroaches
  6 goblins
  6 hobgoblins (D:1)
  4 kobolds
  A quokka (D:3)
  6 ball pythons
  5 bats
  3 frilled lizards (D:1)
  2 rats
51 creatures vanquished.

Notes
Turn   | Place    | Note
-------+----------+-------------------------------------------
     0 | D:1      | jimonade the Kobold Brigand began the quest for the Orb.
     0 | D:1      | Reached XP level 1. HP: 12/12 MP: 1/1
    48 | D:1      | Reached XP level 2. HP: 17/17 MP: 2/2
    80 | D:1      | Found a faded altar of an unknown god.
   164 | D:1      | Reached skill level 6 in Stealth
   326 | D:1      | Reached XP level 3. HP: 21/21 MP: 3/3
  1045 | D:2      | Reached XP level 4. HP: 20/26 MP: 4/4
  1164 | D:2      | Reached skill level 7 in Stealth
  1535 | D:3      | Reached XP level 5. HP: 21/30 MP: 5/5
  1812 | D:3      | Identified the +9 war axe of Severance {freeze, Stlth+}
  1865 | D:3      | Killed from afar by an orc priest

Illustrated notes

Levels and vault maps discovered:
D:1:      ncdulo_wetmaze, layout_rooms, ebering_ecumenical_altar_hall
D:2:      layout_loops_ring
D:3:      layout_loops_ring

Skill      XL: |  1  2  3  4 |
---------------+-------------+-----
Short Blades   | 3 4 |  4.5
Stealth        | 6 7 |  7.5
Fighting       | |  2.1
Throwing       | |  2.1
Dodging        | |  1.2

Action                     |  1- 3 |  4- 6 || total
---------------------------+-------+-------++-------
  Melee: Dagger            |    61 |    52 ||   113
         Punch             |       |     1 ||     1
    Use: Scroll            |     3 |     2 ||     5
   Stab: Sleeping          |    19 |     9 ||    28
 Armour: Robe              |     9 |     8 ||    17
  Dodge: Dodged            |    30 |    22 ||    52

Table legend: (Time is in decaauts)
 A = Elapsed time spent in this place.
 B = Non-inter-level travel time spent in this place.
 C = Inter-level travel time spent in this place.
 D = Time resting spent in this place.
 E = Time spent auto-exploring this place.
 F = Levels seen in this place.
 G = Mean time per level.
                   A        B        C        D        E       F      G
               +--------+--------+--------+--------+--------+-----+--------+
         Total |   1850 |   1761 |     89 |     78 |   1376 |   3 |  616.7 |
       Dungeon |   1850 |   1761 |     89 |     78 |   1376 |   3 |  616.7 |
               +--------+--------+--------+--------+--------+-----+--------+

Top non-repeatable levels by time:
     D:2: 755 daAuts
     D:1: 736 daAuts
     D:3: 358 daAuts
